Map: Acid Plant LE

Players

SpaceOrc

  • Race: Terran Terran
  • League: Diamond
  • Spawn Location: 11:00

MiauMiaauuuu - Winner!

  • Race: Zerg Zerg
  • Spawn Location: 5:00

VOD

Have the link to the VOD?

Description

Time

  • Played on: June 14, 2018, 9:53 a.m.
  • Length: 30:41
Show
View Real Time Build Order
Export as new Build Order

SpaceOrc Terran 

Build Orders:  

Get SALT Encoding   

  12  0:01  SCV  
  13  0:14  Supply Depot  
  13  0:37  Barracks  
  13  0:40  Barracks  
  13  0:50  Supply Depot  
  13  1:04  Barracks  
  13  1:23  Marine  
  14  1:29  Barracks  
  14  1:31  Marine  
  15  1:41  Marine  
  16  1:49  Marine  
  16  1:51  Marine  
  18  1:59  Marine  
  19  2:07  Marine  
  20  2:09  Marine  
  21  2:16  Marine  
  21  2:17  Marine  
  23  2:25  Marine  
  23  2:27  Marine  
  25  2:34  Supply Depot, Marine x2  
  27  2:42  Marine  
  28  2:45  Marine  
  29  2:51  Marine  
  29  2:52  Marine  
  31  3:00  Marine  
  32  3:08  Orbital Command  
  32  3:18  Marine x2  
  27  3:38  Marine  
  27  3:39  Marine x2  
  28  3:41  SCV  
  20  4:20  Marine, Command Center  
  20  4:24  Bunker  
  20  4:25  Marine x2  
  20  4:27  SCV  
  20  4:31  Marine  
  23  4:36  Refinery  
  23  4:37  Refinery  
  24  4:39  SCV  
  24  4:41  Marine  
  24  4:43  Marine  
  27  4:47  Marine  
  27  4:51  SCV  
  29  5:03  SCV  
  30  5:10  Marine  
  31  5:15  SCV  
  31  5:19  Factory  
  32  5:27  SCV  
  33  5:32  Orbital Command  
  33  5:36  Bunker  
  33  5:40  SCV  
  34  5:46  Marine  
  34  5:49  Barracks Tech Lab  
  35  5:53  SCV  
  35  5:56  Barracks Reactor  
  36  5:58  SCV  
  36  6:03  Starport  
  37  6:07  Factory Tech Lab  
  37  6:10  SCV  
  39  6:11  SCV  
  39  6:15  Combat Shields  
  39  6:22  SCV  
  39  6:23  SCV  
  41  6:33  Marine x2  
  41  6:34  Marine, Factory Tech Lab  
  41  6:35  Marine  
  41  6:37  Marine  
  41  6:38  SCV  
  47  6:40  SCV  
  47  6:46  Supply Depot  
  48  6:50  Marine  
  48  6:51  Cloaking Field  
  49  6:56  Banshee  
  49  6:58  SCV  
  49  6:59  SCV  
  54  7:02  Refinery  
  54  7:08  Marine x2  
  56  7:10  Marine, SCV  
  56  7:11  Marine  
  56  7:12  Marine  
  60  7:19  Supply Depot  
  60  7:22  SCV  
  61  7:25  Marine  
  62  7:31  Supply Depot  
  62  7:34  Supply Depot  
  62  7:40  Marine x2, Siege Tank  
  62  7:41  Banshee  
  70  7:48  Supply Depot  
  70  7:53  Marauder, Marine, SCV  
  70  7:54  Marine  
  70  7:58  Marine  
  76  8:01  Marine  
  77  8:10  Marine  
  77  8:11  Marine  
  77  8:12  Siege Tank  
  82  8:15  Marauder  
  84  8:38  Marauder  
  83  8:44  Barracks Tech Lab  
  83  8:45  Medivac, Marine x2  
  87  8:53  Barracks Tech Lab  
  87  9:00  Marauder  
  54  9:14  Marauder, Marine x3  
  54  9:15  Medivac  
  58  9:19  Barracks  
  58  9:20  Barracks  
  58  9:21  Marauder  
  58  9:22  Barracks  
  58  9:23  Barracks  
  59  9:32  Marine x3  
  59  9:36  Marauder  
  59  9:38  SCV  
  65  9:43  Marauder  
  65  9:45  Medivac, Siege Tank  
  72  9:50  Marine, SCV  
  72  9:51  Marauder  
  76  9:53  Stimpack  
  78  10:00  Marauder  
  78  10:02  SCV  
  79  10:16  Medivac  
  79  10:17  Marauder x2  
  79  10:18  Barracks Tech Lab  
  79  10:19  Barracks Tech Lab  
  87  10:21  Marauder  
  74  10:29  Marine x3  
  74  10:30  Marine  
  74  10:33  SCV  
  77  10:38  Marine x2  
  77  10:42  Marine  
  74  10:43  Marine x2  
  74  10:46  Marine, Viking  
  74  10:47  Marine x3  
  74  10:48  SCV  
  82  10:51  Supply Depot  
  82  10:56  Marine x2  
  84  10:59  Liberator, Siege Tank  
  84  11:00  Marauder  
  84  11:01  Marauder, Marine  
  92  11:04  Marine  
  92  11:05  Marine  
  94  11:12  Marine x2  
  94  11:13  Marine  
  94  11:14  Marauder  
  102  11:19  Marine  
  102  11:21  Marine  
  102  11:22  Supply Depot, Marine  
  102  11:23  Marauder, Marine  
  105  11:54  Marine x3  
  105  11:55  Marauder, Marine x4  
  95  12:08  Liberator  
  72  12:18  Marine x3  
  72  12:22  Marine x3  
  74  12:23  Marine x3  
  74  12:24  Siege Tank  
  85  12:36  Marine  
  86  12:41  Marauder, Marine x5  
  86  12:42  Marine x2  
  95  12:54  Marine  
  95  12:56  Siege Tank  
  99  12:59  Marine x3  
  99  13:02  Marine x2  
  99  13:03  Marine  
  105  13:07  Raven  
  105  13:23  Marauder, Marine x3  
  105  13:24  Marauder x2, Marine x3  
  115  13:41  Marine x2  
  103  13:55  Marauder x2, Marine x5  
  109  14:05  Marine  
  110  14:14  Marauder  
  110  14:16  Marauder x2, Marine x3  
  110  14:17  Marauder  
  70  15:05  Marauder x3, Marine x3, Siege Tank  
  76  15:12  Marine  
  76  15:13  Marauder  
  74  15:30  Marauder, Marine x4  
  74  15:31  Marauder, Marine x2  
  74  15:34  Marauder  
  77  15:48  Marine x2  
  77  15:49  Marauder  
  79  16:07  Marauder x2, Marine x5  
  79  16:08  Raven  
  86  16:32  Marauder x3, Marine x2  
  42  17:40  Barracks, Command Center  
  42  17:42  Barracks  
  42  17:43  Supply Depot  
  33  18:51  Factory Tech Lab  
  33  19:16  Command Center  
  33  19:26  Barracks Tech Lab  
  33  19:47  SCV  
  34  19:54  Barracks Tech Lab  
  34  20:26  Engineering Bay  
  34  20:32  Supply Depot  
  27  20:56  Refinery  
  27  21:26  Supply Depot  
  23  22:08  Orbital Command  
  21  22:53  Supply Depot  
  21  23:12  Barracks Tech Lab  
  21  23:21  Refinery  
  21  23:25  Supply Depot  
  21  23:30  Refinery  
  21  23:37  Engineering Bay  
  16  23:59  Orbital Command  
  11  24:10  Engineering Bay  
  207  24:31  Orbital Command  
  11  24:32  Factory  
  11  24:38  Supply Depot  
  11  24:50  Orbital Command  
  6  26:02  Orbital Command  
  3  28:05  Supply Depot  
Show
View Real Time Build Order
Export as new Build Order

MiauMiaauuuu Zerg - Winner!

Build Orders: Hatch First, Lurkers, Muta Ling Bane 

Get SALT Encoding   

  12  0:08  Overlord  
  12  0:13  Drone  
  13  0:17  Drone  
  14  0:28  Drone  
  14  0:31  Drone  
  16  0:53  Hatchery  
  15  0:59  Drone  
  15  1:00  Drone  
  17  1:15  Spawning Pool  
  17  1:18  Extractor  
  15  1:22  Drone  
  15  1:23  Drone  
  17  1:33  Drone  
  18  1:58  Drone x3  
  21  2:04  Queen  
  21  2:05  Queen  
  24  2:21  Metabolic Boost  
  24  2:26  Overlord  
  24  2:27  Zergling x2  
  24  2:28  Zergling x2  
  26  2:31  Zergling x2  
  26  2:35  Drone  
  28  2:46  Zergling x6  
  28  2:51  Extractor  
  30  2:56  Lair  
  30  2:59  Drone  
  30  3:00  Drone  
  32  3:07  Drone x2  
  34  3:14  Zergling x2  
  34  3:15  Zergling x2  
  36  3:22  Overlord  
  29  3:39  Zergling x8  
  29  3:40  Zergling x4  
  33  3:45  Baneling Nest  
  32  3:55  Zergling x6  
  33  3:56  Zergling x2  
  29  4:12  Drone x3  
  32  4:22  Drone x3  
  35  4:31  Drone  
  35  4:32  Drone x2  
  38  4:39  Centrifical Hooks  
  38  4:50  Drone x2  
  38  4:51  Drone x2  
  42  4:55  Queen  
  44  5:15  Hatchery  
  44  5:19  Baneling x4  
  44  5:20  Baneling x5  
  44  5:21  Baneling  
  43  5:24  Zergling x2  
  43  5:25  Overlord  
  43  5:26  Overlord  
  44  5:37  Drone, Extractor  
  44  5:38  Overlord  
  44  5:46  Baneling x2  
  44  5:49  Drone x5  
  49  5:53  Extractor  
  49  5:54  Burrow  
  48  6:05  Spore Crawler  
  48  6:11  Spore Crawler  
  46  6:12  Zergling x10  
  46  6:13  Zergling x2  
  52  6:21  Zergling x2  
  52  6:22  Zergling x6  
  56  6:27  Spire  
  55  6:34  Baneling x6  
  55  6:35  Baneling x2  
  55  6:38  Drone  
  55  6:39  Drone  
  57  6:42  Drone  
  58  6:48  Drone  
  58  6:49  Drone x2  
  58  6:50  Drone  
  62  6:54  Baneling x2  
  62  6:55  Baneling x2  
  62  6:57  Baneling x2  
  62  6:58  Baneling  
  62  6:59  Baneling  
  62  7:00  Baneling  
  62  7:01  Baneling  
  62  7:07  Queen  
  64  7:11  Extractor  
  64  7:15  Extractor  
  62  7:16  Drone x3  
  65  7:30  Zergling x10  
  65  7:31  Overlord  
  65  7:33  Overlord  
  70  7:41  Zerg Flyer Weapons Level 1  
  70  7:46  Mutalisk  
  70  7:47  Mutalisk  
  70  7:48  Mutalisk  
  70  7:50  Mutalisk  
  78  8:04  Mutalisk x3  
  84  8:06  Drone  
  84  8:07  Drone  
  84  8:08  Drone  
  85  8:22  Overseer  
  85  8:26  Evolution Chamber  
  84  8:29  Evolution Chamber  
  82  8:37  Drone  
  82  8:38  Drone x6  
  82  8:39  Drone  
  89  8:43  Hydralisk Den  
  88  8:49  Overlord  
  88  8:52  Zerg Melee Weapons Level 1  
  67  9:10  Zergling x6  
  67  9:11  Zergling x10  
  75  9:17  Zergling x4  
  75  9:18  Zergling x4  
  75  9:23  Hatchery  
  78  9:24  Zerg Missile Weapons Level 1  
  78  9:30  Zergling x2  
  78  9:31  Zergling x4  
  81  9:42  Lurker Den  
  80  9:46  Baneling x5  
  80  9:47  Baneling x6  
  80  9:48  Baneling x6  
  80  9:49  Baneling x3  
  80  9:50  Baneling x2  
  80  9:56  Baneling x6  
  80  9:57  Baneling x2  
  80  10:06  Mutalisk  
  80  10:07  Mutalisk x3  
  81  10:33  Hydralisk  
  81  10:34  Hydralisk x6  
  95  10:53  Zerg Ground Armor Level 1  
  95  10:55  Drone x6  
  95  10:56  Drone x3  
  104  11:07  Spore Crawler  
  103  11:16  Lurker  
  104  11:18  Overlord  
  104  11:19  Overlord x5  
  104  11:26  Zerg Missile Weapons Level 2  
  102  11:40  Lurker x5  
  102  11:41  Lurker  
  75  12:19  Hydralisk x4  
  75  12:20  Hydralisk x6  
  75  12:21  Hydralisk x5  
  102  12:40  Hatchery  
  99  12:52  Lurker x4  
  99  12:55  Lurker x2  
  105  12:59  Drone x2  
  105  13:00  Drone  
  108  13:10  Drone x2  
  108  13:11  Drone x6  
  108  13:12  Drone x2  
  118  13:29  Extractor  
  118  13:31  Extractor  
  109  13:56  Lurker x2  
  109  13:57  Lurker x4  
  109  13:59  Lurker  
  109  14:01  Zergling x12  
  109  14:02  Zergling x8  
  126  14:06  Drone  
  127  14:14  Spore Crawler  
  126  14:17  Spore Crawler  
  126  14:19  Drone x4  
  66  15:00  Hydralisk x3  
  66  15:01  Hydralisk x6  
  66  15:02  Hydralisk x5  
  87  15:47  Lurker x7  
  87  15:48  Lurker  
  96  15:50  Drone x6  
  96  15:51  Drone x4  
  96  15:56  Spore Crawler  
  104  16:01  Lurker x2  
  106  16:06  Drone x6  
  100  16:36  Hatchery  
  93  16:56  Hydralisk x2  
  93  16:57  Hydralisk x4  
  99  17:37  Hatchery  
  99  17:39  Lurker x6  
  104  18:15  Mutalisk x2  
  104  18:16  Mutalisk x2  
  104  18:17  Drone x4  
  104  18:18  Drone  
  117  18:21  Drone x3  
  120  18:45  Infestation Pit  
  120  18:46  Zerg Melee Weapons Level 2  
  119  18:54  Extractor  
  118  18:56  Extractor  
  118  19:00  Spore Crawler  
  118  19:01  Spore Crawler  
  115  19:11  Spore Crawler  
  115  19:14  Spore Crawler  
  115  19:16  Spore Crawler  
  111  19:26  Mutalisk x3  
  111  19:29  Drone x2  
  111  19:30  Drone x6  
  111  19:31  Drone x6  
  128  19:37  Hive  
  128  19:38  Hatchery  
  130  19:53  Mutalisk x2  
  130  19:56  Zergling x8  
  130  19:57  Zergling x6  
  141  20:02  Extractor  
  140  20:15  Hydralisk  
  140  20:17  Overlord x4  
  140  20:18  Overlord  
  142  20:21  Zerg Ground Armor Level 2  
  142  20:26  Evolution Chamber  
  142  20:28  Zerg Flyer Armor Level 1  
  141  21:12  Spore Crawler x2  
  141  21:15  Spore Crawler  
  141  21:16  Zerg Missile Weapons Level 3  
  141  21:18  Hatchery, Zerg Melee Weapons Level 3  
  137  21:23  Spire  
  136  21:29  Overlord x2  
  136  21:30  Overlord x5  
  136  21:31  Overlord x6  
  136  21:32  Overlord  
  136  21:46  Adrenal Glands  
  136  22:21  Zerg Flyer Weapons Level 2  
  136  22:40  Zerg Flyer Armor Level 2  
  136  22:42  Zerg Ground Armor Level 3  
  136  22:45  Mutalisk  
  136  22:46  Mutalisk x2  
  142  23:16  Extractor x2  
  140  23:22  Mutalisk x3  
  140  23:23  Mutalisk x2  
  150  24:38  Zerg Flyer Weapons Level 3  
  150  25:14  Mutalisk x2  
  150  25:15  Mutalisk x5  
  150  25:16  Mutalisk x6  
  150  25:17  Mutalisk x5  
  150  25:18  Mutalisk  
  150  25:20  Overlord x2  
  188  25:50  Mutalisk x3  
  188  25:51  Mutalisk x3  
  200  26:21  Hatchery  
  199  26:32  Hatchery  
  198  26:36  Hatchery  
  197  26:40  Hatchery  
  196  26:51  Zerg Flyer Armor Level 3  
  196  26:54  Hatchery  
  195  26:55  Hatchery  
  194  27:09  Hatchery  
  193  27:32  Hatchery  
  193  27:36  Hatchery  
  191  27:42  Hatchery  
  190  28:08  Mutalisk x3  
  190  28:09  Mutalisk x2  
  200  28:30  Greater Spire  
  200  28:31  Adaptive Talons  
  200  28:32  Pathogen Glands  
  200  29:27  Ultralisk Cavern  
  199  29:31  Hatchery  
Tags
 
Add a new tag
Caveats
  • Supply blocks, unpowered buildings, or Contaminate may cause inaccurate times.
  • Supply counts are checked every 10 seconds.